 Dungeon Crawl Stone Soup version 0.18-a0-1800-gdc7a371 (webtiles) character file.

277 Minkie the Covered (level 6, -3/56 HPs)
             Began as a Deep Dwarf Fighter on Apr 24, 2016.
             Slain by Sixotanaka's ghost (12 damage)
             ... on level 4 of the Dungeon.
             The game lasted 00:10:07 (2258 turns).

Minkie the Covered (Deep Dwarf Fighter)             Turns: 2258, Time: 00:10:08

Health: -3/56      AC:  8    Str: 25    XL:     6   Next: 4%
Magic:  7/7        EV:  9    Int:  9    God:
Gold:   225        SH: 10    Dex: 13    Spells: 0 memorised, 5 levels left

rFire  . . .     SeeInvis .     a - +0 flail
rCold  . . .     Gourm    .     p - +0 scale mail (curse)
rNeg   . . .     Faith    .     c - +0 shield
rPois  .         Spirit   .     (no helmet)
rElec  .         Dismiss  .     u - +0 cloak
rCorr  .         Reflect  .     (no gloves)
SustAt .         Harm     .     (no boots)
MR     .....                    (no amulet)
Stlth  ..........               (no ring)
                                (no ring)

@: mighty, non-regenerating, not resistant to hostile enchantments, extremely
unstealthy
A: damage resistance, recharge devices, sense surroundings 1, slow regeneration
3
a: Device Recharging


You were on level 4 of the Dungeon.
You were not hungry.

You visited 1 branch of the dungeon, and saw 4 of its levels.

You collected 225 gold pieces.

Inventory:

Hand Weapons
 a - a +0 flail (weapon)
Armour
 b - a +0 scale mail
 c - a +0 shield (worn)
 p - a cursed +0 scale mail (worn)
 u - a +0 cloak (worn)
Wands
 e - a wand of heal wounds (2/9)
Scrolls
 g - a scroll of fog {unknown}
 i - a scroll of immolation {unknown}
 k - a scroll of recharging {unknown}
 l - a scroll of enchant armour {unknown}
 o - 2 scrolls of identify {unknown}
 q - a scroll of magic mapping {unknown}
 s - a scroll of random uselessness {unknown}
 v - a scroll of enchant weapon {unknown}
Potions
 d - 3 potions of might
 j - a potion of degeneration {unknown}
 m - a potion of beneficial mutation {unknown}
Books
 r - a book of the Dragon

   Spells                             Type                      Level
   a - Flame Tongue                   Conjuration/Fire             1
   b - Cause Fear                     Hexes                        4
   c - Bolt of Fire                   Conjuration/Fire             6
   d - Dragon Form                    Transmutation                7
   e - Dragon's Call                  Summoning                    9
Comestibles
 f - a bread ration
 h - 3 chunks of flesh
 n - a beef jerky
 t - 8 fruits


   Skills:
 - Level 3.0 Fighting
 * Level 4.0 Maces & Flails
 + Level 4.2 Armour
 + Level 2.5 Dodging
 + Level 4.1 Shields
 + Level 2.1 Evocations


You had 5 spell levels left.
You didn't know any spells.

Dungeon Overview and Level Annotations

Branches:
Dungeon (4/15)
 Temple: D:4-7

Altars:
Elyvilon
Fedhas
Kikubaaqudgha
Trog
Xom

Annotations:
D:4 Sixotanaka's ghost, novice HuFi


Innate Abilities, Weirdness & Mutations

You are resistant to damage.
You can recharge devices by infusing magical energy.
You passively map a small area around you.
You do not regenerate naturally.


Message History

You hit Sixotanaka's ghost.
Sixotanaka's ghost is lightly damaged.
Sixotanaka's ghost hits you.
You hit Sixotanaka's ghost.
Sixotanaka's ghost is lightly damaged.
Sixotanaka's ghost hits you!
You barely miss Sixotanaka's ghost.
Sixotanaka's ghost is lightly damaged.
Sixotanaka's ghost hits you!
* * * LOW HITPOINT WARNING * * *
Sixotanaka's ghost hits you.
You sock Sixotanaka's ghost!
Sixotanaka's ghost is moderately damaged.
Sixotanaka's ghost holds its blade at the ready.
Sixotanaka's ghost hits you!
* * * LOW HITPOINT WARNING * * *
You barely miss Sixotanaka's ghost.
Sixotanaka's ghost is lightly damaged.
Sixotanaka's ghost hits you!
You die...

,..######.#.#.### ,
..'............# ..
...####[....#.#... ,
...,
,...####.#.......#.
....## #.#........#...#
.(..!##..............#,
>....................
,#.#.................
#..@W#....#..<.....#
*,###................
#.#.$.......#.... *
#.#.###.#...# #+# #.#.#
....<.#, , , *
#.#.##..#...# ,, ,
#.#.#...#..?'. ,
#.#.#.#.# .##., , #.#
.. ..


You could see Sixotanaka's ghost.

Vanquished Creatures
  A hound (D:4)
  Crazy Yiuf (D:3)
  2 orc wizards (D:4)
  7 adders
  2 worms (D:3)
  3 dart slugs
  A giant gecko (D:2)
  6 orcs
  A ball python (D:2)
  7 giant cockroaches
  7 goblins
  8 hobgoblins
  3 jackals (D:2)
  6 kobolds
  5 quokkas
  9 bats
  A giant gecko skeleton (D:4)
  A giant newt (D:3)
  A jackal skeleton (D:4)
  10 rats
82 creatures vanquished.

Notes
Turn   | Place    | Note
--------------------------------------------------------------
     0 | D:1      | Minkie the Deep Dwarf Fighter began the quest for the Orb.
     0 | D:1      | Reached XP level 1. HP: 20/20 MP: 1/1
   150 | D:1      | Reached XP level 2. HP: 25/27 MP: 2/2
   604 | D:2      | Reached XP level 3. HP: 25/33 MP: 3/3
   660 | D:2      | Reached skill level 1 in Dodging
   845 | D:2      | Found a blossoming altar of Fedhas.
   854 | D:2      | Reached XP level 4. HP: 20/42 MP: 4/4
   933 | D:2      | Found a white marble altar of Elyvilon.
   966 | D:2      | Found an ancient bone altar of Kikubaaqudgha.
  1222 | D:3      | Reached skill level 1 in Evocations
  1458 | D:3      | Found a shimmering altar of Xom.
  1641 | D:3      | Noticed Crazy Yiuf
  1655 | D:3      | Killed Crazy Yiuf
  1655 | D:3      | Reached XP level 5. HP: 18/49 MP: 6/6
  1897 | D:3      | Noticed a moth of wrath
  1900 | D:3      | Found a bloodstained altar of Trog.
  2238 | D:4      | Reached XP level 6. HP: 15/56 MP: 7/7
  2244 | D:4      | Noticed Sixotanaka's ghost (novice HuFi)
  2258 | D:4      | Slain by Sixotanaka's ghost

Vault maps used:
D:1:      lemuel_arrival_hallway
D:2:      grunt_temple_overflow_growth_and_decay, hangedman_decor_peaks_small,
          elyvilon_altar_5
D:3:      xom_teletrap_fun, tgw_trog, dk_noncrumbling_4, uniq_crazy_yiuf_cottage
D:4:      corexii_shack_village, marbit_many_paths, first_bread,
          minmay_misc_feat_rows, uniq_edmund

Skill      XL: |  1  2  3  4  5 |
---------------+----------------+-----
Fighting       | 3 |  3.0
Dodging        | 1 2 |  2.5
Maces & Flails | 3 4 |  4.0
Evocations     | 1 2 |  2.1
Armour         | 4 |  4.2
Shields        | 4 |  4.1

Action                   |  1- 3 |  4- 6 || total
-------------------------+-------+-------++-------
Melee: Flail             |   118 |   212 ||   330
Evoke: Wand              |       |     3 ||     3
  Use: Potion            |       |     1 ||     1
  Eat: Chunk             |       |     5 ||     5
Armor: Scale mail        |    38 |    86 ||   124
Dodge: Dodged            |    41 |    75 ||   116
Block: Shield            |    68 |   101 ||   169
